 Dungeon Crawl Stone Soup version 0.20.1-1-g8b1a95d (webtiles) character file.

5535 colophon the Covert (level 11, -6/62 HPs)
             Began as a Kobold Conjurer on Oct 26, 2017.
             Was a Follower of Vehumet.
             Mangled by karf's ghost (8 damage)
             ... on level 9 of the Dungeon on Oct 27, 2017.
             The game lasted 02:26:17 (9752 turns).

colophon the Covert (Kobold Conjurer)               Turns: 9752, Time: 02:26:18

Health: -6/62      AC:  9    Str:  6    XL:     11   Next: 1%
Magic:  2/29       EV: 17    Int: 23    God:    Vehumet [*.....]
Gold:   563        SH:  0    Dex: 16    Spells: 12/22 levels left

rFire    . . .     SeeInvis .   N - +11 dagger "Naploe" {pierce, +Rage}
rCold    + . .     Gourm    .   (shield restricted)
rNeg     . . .     Faith    +   Q - +2 leather armour {rC+}
rPois    .         Spirit   .   (no helmet)
rElec    .         Reflect  .   B - +2 cloak
rCorr    .         Harm     .   y - +0 pair of gloves
MR       .....                  (no boots)
Stlth    ++++......             I - amulet of faith
Regen    0.2/turn               p - +4 ring of intelligence
MPRegen  0.3/turn               s - ring of magical power

@: no status effects
A: carnivore 3
a: Renounce Religion, Evoke Berserk Rage


You were on level 9 of the Dungeon.
You worshipped Vehumet.
Vehumet was aware of your devotion.
You were very full.

You visited 2 branches of the dungeon, and saw 11 of its levels.

You collected 563 gold pieces.

Inventory:

Hand Weapons
 q - a +1 short sword of freezing
 N - the +11 dagger "Naploe" (weapon) {pierce, +Rage}
   (You found it on level 7 of the Dungeon)

   It inflicts extra damage upon your enemies.
   It lets you go berserk.
Missiles
 d - 294 stones
 i - 154 arrows
 D - 13 tomahawks (quivered)
Armour
 y - a +0 pair of gloves (worn)
 B - a +2 cloak (worn)
 Q - a +2 leather armour of cold resistance (worn)
Jewellery
 p - a +4 ring of intelligence (left hand)
 s - a ring of magical power (right hand)
 I - an amulet of faith (around neck)
Wands
 A - a wand of confusion (32/48)
 C - a wand of random effects (26/48)
 L - a wand of iceblast (3/15)
Scrolls
 h - 2 scrolls of fear
 k - a scroll of recharging
 l - 3 scrolls of enchant weapon
 o - 12 scrolls of remove curse
 v - 5 scrolls of teleportation
 E - a scroll of amnesia
 M - a scroll of enchant armour
 O - a scroll of identify
Potions
 a - 2 potions of mutation {unknown}
 e - 3 potions of brilliance
 f - 2 potions of haste {unknown}
 g - a potion of curing
 r - a potion of cancellation {unknown}
 t - a potion of resistance {unknown}
 u - 2 potions of lignification {unknown}
 w - 2 potions of magic
 x - a potion of ambrosia {unknown}
 F - 2 potions of agility {unknown}
Books
 b - a book of Conjurations

   Spells                             Type                      Level
   a - Magic Dart                     Conjuration                  1
   b - Searing Ray                    Conjuration                  2
   c - Dazzling Spray                 Conjuration/Hexes            3
   d - Fulminant Prism                Conjuration/Hexes            4
   e - Force Lance                    Conjuration/Translocation    4
   f - Iskenderun's Mystic Blast      Conjuration                  4
 j - a book of Maledictions

   Spells                             Type                      Level
   a - Corona                         Hexes                        1
   b - Ensorcelled Hibernation        Hexes/Ice                    2
   c - Confuse                        Hexes                        3
   d - Tukima's Dance                 Hexes                        3
   e - Dazzling Spray                 Conjuration/Hexes            3
 n - a book of Flames

   Spells                             Type                      Level
   a - Flame Tongue                   Conjuration/Fire             1
   b - Throw Flame                    Conjuration/Fire             2
   c - Conjure Flame                  Conjuration/Fire             3
   d - Inner Flame                    Hexes/Fire                   3
   e - Sticky Flame                   Conjuration/Fire             4
   f - Fireball                       Conjuration/Fire             5
 z - a book of Cantrips

   Spells                             Type                      Level
   a - Confusing Touch                Hexes                        1
   b - Animate Skeleton               Necromancy                   1
   c - Summon Small Mammal            Summoning                    1
   d - Apportation                    Translocation                1
 H - a book of Changes

   Spells                             Type                      Level
   a - Beastly Appendage              Transmutation                1
   b - Sticks to Snakes               Transmutation                2
   c - Spider Form                    Transmutation/Poison         3
   d - Ice Form                       Ice/Transmutation            4
   e - Blade Hands                    Transmutation                5
 P - a book of Debilitation

   Spells                             Type                      Level
   a - Corona                         Hexes                        1
   b - Slow                           Hexes                        2
   c - Inner Flame                    Hexes/Fire                   3
   d - Portal Projectile              Hexes/Translocation          3
   e - Cause Fear                     Hexes                        4
   f - Leda's Liquefaction            Hexes/Earth                  4
Comestibles
 c - 7 meat rations
 m - 5 royal jellies


   Skills:
 - Level 4.4 Fighting
 + Level 5.9 Short Blades
 - Level 4.0 Armour
 - Level 5.5 Dodging
 - Level 8.4 Stealth
 + Level 6.0 Spellcasting
 - Level 7.0 Conjurations
 + Level 6.1 Necromancy
 - Level 4.0 Transmutations
 + Level 2.4 Poison Magic


You had 12 spell levels left.
You knew the following spells:

 Your Spells              Type           Power        Failure   Level  Hunger
a - Magic Dart            Conj           ####         1%          1    None
b - Searing Ray           Conj           #####.       1%          2    None
c - Animate Skeleton      Necr           N/A          1%          1    None
d - Sticks to Snakes      Tmut           ####....     3%          2    None
e - Dazzling Spray        Conj/Hex       ###...       9%          3    #......
f - Sting                 Conj/Pois      ####         1%          1    None


Dungeon Overview and Level Annotations

Branches:
Dungeon (10/15)            Temple (1/1) D:5
   Lair: D:8-11         Orc: D:9-12

Altars:
Ashenzari
Cheibriados
Dithmenos
Elyvilon
Fedhas
Gozag
Hepliaklqana
Kikubaaqudgha
Makhleb
Nemelex Xobeh
Okawaru
Qazlal
Ru
Sif Muna
Trog
Uskayaw
Vehumet
Xom
Yredelemnul
Zin
The Shining One

Annotations:
D:9 karf's ghost, journeyman MiFi


Innate Abilities, Weirdness & Mutations

You are small and have problems with some larger weapons.
You are carnivorous and can eat meat at any time.


Message History

Aiming: Searing Ray
Press: ? - help, Shift-Dir - straight line, f/p - karf's ghost
Aim: karf's ghost (heavily damaged)
The searing ray misses karf's ghost. (Press . to maintain the ray.) Karf's ghost completely misses you.
The searing ray hits karf's ghost.
Karf's ghost is severely damaged.
Karf's ghost closely misses you.
The searing ray hits karf's ghost.
Karf's ghost is severely damaged.
Karf's ghost completely misses you.
The searing ray hits karf's ghost.
Karf's ghost is severely damaged.
You finish channeling your searing ray.
Karf's ghost utters, "No lamp to guide me anymore..."
Karf's ghost hits you.
* * * LOW HITPOINT WARNING * * *
Karf's ghost hits you!
You die...

#.##.#.......S.........#
# #.###'##............#
#......#.......####.#
#......#...#...# #.#
#...[..#...#...# #.#
#.รท....#...#...####.#
#......#...#........#
#......#...W........#
############@#......#
#########....#......#
#...........)#....#.#
#............#....#.#
#............+....#.#
#............#....#.#
#............#..>.#.#
#............#....#.#
###'###########......#


You could see karf's ghost.

Vanquished Creatures
  2 two-headed ogres
  A wolf spider zombie (D:9)
  A hornet (D:8)
  Prince Ribbit (D:6)
  Sigmund (D:6)
  2 wyverns
  2 hungry ghosts
  A water moccasin (D:8)
  2 ice beasts
  3 sky beasts
  A necrophage (D:8)
  2 wolves
  3 ogres
  A centaur (D:6)
  A bullfrog (D:7)
  A gnoll sergeant (D:7)
  2 scorpions (D:6)
  7 killer bees (D:8)
  2 crimson imps
  A centaur zombie (D:5)
  A quasit (D:7)
  A bullfrog zombie (D:7)
  5 hounds
  2 orc priests
  3 jellies
  3 orc wizards
  A centaur skeleton (D:8)
  An iguana (D:7)
  9 worker ants
  A hound skeleton (D:5)
  A howler monkey zombie (D:8)
  A worker ant zombie (D:5)
  11 adders
  8 gnolls
  2 shadow imps
  3 oozes
  3 worms
  3 dart slugs
  5 leopard geckos
  23 orcs
  2 giant cockroaches
  7 goblins
  5 hobgoblins
  6 jackals (D:5)
  8 kobolds
  3 quokkas
  A ball python (D:1)
  4 bats
  7 frilled lizards
  6 rats
  A spectral orc (D:6)
174 creatures vanquished.

Vanquished Creatures (collateral kills)
  A crimson imp (D:7)
1 creature vanquished.

Grand Total: 175 creatures vanquished

Notes
Turn   | Place    | Note
-------+----------+-------------------------------------------
     0 | D:1      | colophon the Kobold Conjurer began the quest for the Orb.
     0 | D:1      | Reached XP level 1. HP: 10/10 MP: 3/3
    73 | D:1      | Reached skill level 3 in Stealth
   160 | D:1      | Reached XP level 2. HP: 15/15 MP: 1/5
   383 | D:2      | Reached XP level 3. HP: 15/19 MP: 4/6
   526 | D:1      | Learned a level 2 spell: Searing Ray
   969 | D:2      | Reached skill level 4 in Stealth
  1116 | D:2      | Reached XP level 4. HP: 24/24 MP: 6/8
  1211 | D:2      | Found a glowing golden altar of the Shining One.
  1281 | D:2      | Reached skill level 1 in Short Blades
  1739 | D:3      | Reached XP level 5. HP: 28/28 MP: 9/9
  2274 | D:3      | Learned a level 1 spell: Animate Skeleton
  2562 | D:3      | Reached XP level 6. HP: 10/32 MP: 10/10
  3112 | D:4      | Reached skill level 1 in Necromancy
  3174 | D:5      | Entered Level 5 of the Dungeon
  3336 | D:5      | Reached skill level 5 in Conjurations
  3364 | D:4      | Got a pair of encrusted boots
  3370 | D:4      | Identified the +5 pair of boots of the Trees {-Cast +Blink Dex+4 Stlth-} (You found it on level 4 of the Dungeon)
  3632 | D:4      | Reached XP level 7. HP: 36/36 MP: 11/11
  3972 | D:5      | Reached skill level 5 in Dodging
  3995 | D:5      | Found a staircase to the Ecumenical Temple.
  4002 | Temple   | Entered the Ecumenical Temple
  4633 | D:5      | Reached skill level 1 in Fighting
  4680 | D:5      | Reached skill level 5 in Stealth
  4680 | D:5      | Reached XP level 8. HP: 37/43 MP: 12/12
  5318 | D:6      | Noticed Prince Ribbit
  5322 | D:6      | Noticed a wyvern
  5330 | D:6      | Killed Prince Ribbit
  5330 | D:6      | Reached skill level 6 in Stealth
  5388 | D:6      | Learned a level 2 spell: Sticks to Snakes
  5493 | D:6      | Reached skill level 1 in Transmutations
  5897 | D:6      | Reached XP level 9. HP: 51/51 MP: 13/13
  5938 | D:6      | Noticed Sigmund
  5952 | D:6      | Killed Sigmund
  6115 | D:6      | Reached skill level 1 in Armour
  6236 | D:6      | Found a basalt altar of Yredelemnul.
  6795 | D:7      | Reached skill level 5 in Necromancy
  6807 | D:7      | Got a polished dagger
  6818 | D:7      | Identified the +11 dagger "Naploe" {pierce, +Rage} (You found it on level 7 of the Dungeon)
  7558 | D:7      | Reached skill level 7 in Stealth
  7569 | D:7      | Learned a level 3 spell: Dazzling Spray
  7599 | D:8      | Found a hide-covered altar of Uskayaw.
  7622 | D:8      | Found a white marble altar of Elyvilon.
  7623 | D:8      | Found a sacrificial altar of Ru.
  7623 | D:8      | Found a deep blue altar of Sif Muna.
  7623 | D:8      | Found a sparkling altar of Nemelex Xobeh.
  7623 | D:8      | Found a stormy altar of Qazlal.
  7627 | D:8      | Found a bloodstained altar of Trog.
  7628 | D:8      | Found a radiant altar of Vehumet.
  7632 | D:8      | Found a glowing silver altar of Zin.
  7637 | D:8      | Found a shadowy altar of Dithmenos.
  7639 | D:8      | Became a worshipper of Vehumet
  7747 | D:8      | Reached XP level 10. HP: 57/57 MP: 16/16
  7892 | D:8      | Noticed a two-headed ogre
  7911 | D:8      | Killed a two-headed ogre
  7911 | D:8      | Reached skill level 8 in Stealth
  7911 | D:8      | Reached skill level 5 in Spellcasting
  8538 | D:9      | Reached * piety under Vehumet
  8538 | D:9      | Offered knowledge of Sting by Vehumet.
  8541 | D:9      | Learned a level 1 spell: Sting
  8714 | D:9      | Noticed a two-headed ogre
  8783 | D:9      | Killed a two-headed ogre
  8783 | D:9      | Reached skill level 5 in Short Blades
  8783 | D:9      | Reached skill level 1 in Poison Magic
  9116 | D:10     | Entered Level 10 of the Dungeon
  9345 | D:8      | Reached XP level 11. HP: 20/62 MP: 13/20
  9580 | D:9      | Noticed karf's ghost (journeyman MiFi)
  9747 | D:9      | HP: 2/62 [karf's ghost (9)]
  9752 | D:9      | Mangled by karf's ghost

Skill      XL: |  1  2  3  4  5  6  7  8  9 10 |
---------------+-------------------------------+-----
Stealth        | 3 4 5 6 7 8 |  8.4
Dodging        | 3 4 5 |  5.5
Short Blades   | 1 2 3 4 5 |  5.9
Spellcasting   | 3 4 6 |  6.0
Necromancy     | 1 2 4 5 6 |  6.1
Conjurations   | 5 6 7 |  7.0
Fighting       | 1 3 4 |  4.4
Transmutations | 1 4 |  4.0
Armour         | 2 4 |  4.0
Poison Magic   | 2 |  2.4

Action                   |  1- 3 |  4- 6 |  7- 9 | 10-12 || total
-------------------------+-------+-------+-------+-------++-------
Melee: Whip              |    14 |       |       |       ||    14
       Mace              |     3 |       |       |       ||     3
       Short sword       |       |    20 |    38 |       ||    58
       Dagger            |       |       |    16 |    20 ||    36
Throw: Stone             |     8 |     3 |       |       ||    11
       Tomahawk          |       |       |     9 |     2 ||    11
 Cast: Magic Dart        |    46 |    59 |    57 |       ||   162
       Searing Ray       |     1 |    18 |    51 |    30 ||   100
       Animate Skeleton  |       |     2 |       |     1 ||     3
       Sticks to Snakes  |       |       |     2 |     2 ||     4
       Dazzling Spray    |       |       |     1 |     2 ||     3
       Sting             |       |       |       |     7 ||     7
  Use: Scroll            |     6 |     7 |     8 |     1 ||    22
       Potion            |     1 |       |       |     1 ||     2
 Stab: Sleeping          |     2 |     2 |    11 |     5 ||    20
       Distracted        |       |     1 |       |       ||     1
  Eat: Chunk             |     9 |     7 |    14 |     7 ||    37
Armor: Robe              |     1 |     6 |    24 |       ||    31
       Leather armour    |       |       |     5 |    25 ||    30
Dodge: Dodged            |    26 |    34 |    98 |   102 ||   260
